3AA
LAKE MINNETONKA LOVE BOATS @ BARTON SPRINGS BLUES
06/22/2042
 
TOP OF THE 1ST
Lake Minnetonka Love Boats batting - Pitching for Barton Springs Blues : RHP Stanley Davis
Pitching: RHP Stanley Davis
Batting: RHB Mark Bakker 0-0: SINGLE (Line Drive, 7S, EV 86.9 MPH)
Batting: LHB Bill Carney 0-0: Ball
1-0: Ball
2-0: Fly out, F6 (Flyball, 6D, EV 86.2 MPH)
Batting: RHB Eisse van Barneveld 0-0: Foul Ball, location: 2F
0-1: DOUBLE (Line Drive, 89M, EV 86.9 MPH)
Mark Bakker to third
Runner from 3rd tries for Home, SAFE, no throw by RF
Batting: SHB Spencer Maddox 0-0: SINGLE (Groundball, 34D, EV 101.9 MPH)
Eisse van Barneveld to third
Runner from 3rd tries for Home, SAFE, throw by RF to home
Batting: RHB Ding-bong Wang 0-0: Called Strike
0-1: Swinging Strike
0-2: Ball
1-2: Fly out, F7 (Flyball, 7S, EV 86.9 MPH)
Batting: RHB Nicholas Khadjikyriakos 0-0: Called Strike
0-1: Ball
1-1: Ball
2-1: Fielders Choice at 2nd, 5-4 (Groundball, 56, EV 85.6 MPH)
Top of the 1st over - 2 runs, 3 hits, 0 errors, 1 left on base; Lake Minnetonka 2 - Barton Springs 0
BOTTOM OF THE 1ST
Barton Springs Blues batting - Pitching for Lake Minnetonka Love Boats : RHP Rafael Martínez
Pitching: RHP Rafael Martínez
Batting: RHB Steffen Schulte 0-0: Called Strike
0-1: Swinging Strike
0-2: Foul Ball, location: 2F
0-2: Ball
1-2: Ball
2-2: Strikes out looking
Batting: RHB Donnie Haggard 0-0: Ball
1-0: Ball
2-0: Ball
3-0: Base on Balls
Batting: SHB Bill Gatacre 0-0: Ball
1-0: Ball
2-0: 2-RUN HOME RUN (Flyball, 7D, EV 102.5 MPH), Distance : 399 ft
Batting: LHB Elijah Scott 0-0: Foul Ball, location: 2F
0-1: Ground out 4-3 (Groundball, 4, EV 97.5 MPH)
Batting: RHB Jason Portillo 0-0: Ball
1-0: Ball
2-0: SINGLE (Groundball, 56D, EV 100.0 MPH)
Batting: LHB Ben Chell 0-0: Ball
1-0: Fly out, F7 (Flyball, 7S, EV 93.1 MPH)
Bottom of the 1st over - 2 runs, 2 hits, 0 errors, 1 left on base; Lake Minnetonka 2 - Barton Springs 2
TOP OF THE 2ND
Lake Minnetonka Love Boats batting - Pitching for Barton Springs Blues : RHP Stanley Davis
Batting: LHB Francisco Obando 0-0: Fly out, F8 (Flyball, 78M, EV 91.2 MPH)
Batting: RHB León Murciano 0-0: Ball
1-0: Ball
2-0: SINGLE (Line Drive, 78S, EV 104.4 MPH)
Batting: RHB Pablo Santos 0-0: Ball
1-0: Ball
2-0: Called Strike
2-1: Foul Ball, location: 2F
2-2: Ball
3-2: Base on Balls
León Murciano to second
Batting: RHB Mark Bakker 0-0: SINGLE (Groundball, 5S, EV 76.9 MPH) (infield hit)
León Murciano to third
Pablo Santos to second
Batting: LHB Bill Carney 0-0: Ball
1-0: Fielders Choice at 2nd, 3-6 (Groundball, 3, EV 84.4 MPH)
León Murciano scores
Pablo Santos to third
Batting: RHB Eisse van Barneveld 0-0: Ball
1-0: Ball
2-0: Foul Ball, location: 2F
2-1: Foul Ball, location: 2F
2-2: Ball
3-2: Ground out 6-3 (Groundball, 6, EV 86.2 MPH)
Top of the 2nd over - 1 run, 2 hits, 0 errors, 2 left on base; Lake Minnetonka 3 - Barton Springs 2
BOTTOM OF THE 2ND
Barton Springs Blues batting - Pitching for Lake Minnetonka Love Boats : RHP Rafael Martínez
Batting: RHB Donald Martin 0-0: Called Strike
0-1: Ground out 5-3 (Groundball, 56S, EV 78.8 MPH)
Batting: RHB John Polk 0-0: Foul Ball, location: 2F
0-1: Ball
1-1: Foul Ball, location: 2F
1-2: Foul Ball, location: 2F
1-2: SINGLE (Line Drive, 4D, EV 94.4 MPH)
Batting: RHB Mike O'Neill 0-0: Ball
1-0: Ball
2-0: Ball
3-0: Base on Balls
John Polk to second
Batting: RHB Steffen Schulte 0-0: Called Strike
0-1: Ball
1-1: Ball
2-1: Foul Ball, location: 2F
2-2: SINGLE (Flyball, 9LS, EV 90.0 MPH)
John Polk to third
Mike O'Neill to second
Batting: RHB Donnie Haggard 0-0: Called Strike
0-1: Ball
1-1: Grounds into double play, 5-4-3 (Groundball, 56, EV 87.5 MPH)
Bottom of the 2nd over - 0 runs, 2 hits, 0 errors, 2 left on base; Lake Minnetonka 3 - Barton Springs 2
TOP OF THE 3RD
Lake Minnetonka Love Boats batting - Pitching for Barton Springs Blues : RHP Stanley Davis
Batting: SHB Spencer Maddox 0-0: Ground out 4-3 (Groundball, 4, EV 85.6 MPH)
Batting: RHB Ding-bong Wang 0-0: Fly out, F9 (Flyball, 9S, EV 81.2 MPH)
Batting: RHB Nicholas Khadjikyriakos 0-0: Ball
1-0: Called Strike
1-1: Swinging Strike
1-2: Ball
2-2: Ball
3-2: Strikes out swinging
Top of the 3rd over - 0 runs, 0 hits, 0 errors, 0 left on base; Lake Minnetonka 3 - Barton Springs 2
BOTTOM OF THE 3RD
Barton Springs Blues batting - Pitching for Lake Minnetonka Love Boats : RHP Rafael Martínez
Batting: SHB Bill Gatacre 0-0: Called Strike
0-1: Called Strike
0-2: Ball
1-2: Strikes out swinging
Batting: LHB Elijah Scott 0-0: Ball
1-0: Ball
2-0: Called Strike
2-1: Fly out, F8 (Line Drive, 8RD, EV 93.8 MPH)
Batting: RHB Jason Portillo 0-0: Ball
1-0: Called Strike
1-1: SINGLE (Line Drive, 78S, EV 106.9 MPH)
Batting: LHB Ben Chell 0-0: Called Strike
0-1: Ball
1-1: Swinging Strike
1-2: Foul Ball, location: 2F
1-2: Strikes out looking
Bottom of the 3rd over - 0 runs, 1 hit, 0 errors, 1 left on base; Lake Minnetonka 3 - Barton Springs 2
TOP OF THE 4TH
Lake Minnetonka Love Boats batting - Pitching for Barton Springs Blues : RHP Stanley Davis
Batting: LHB Francisco Obando 0-0: Called Strike
0-1: Swinging Strike
0-2: Fly out, F8 (Line Drive, 8RM, EV 95.0 MPH)
Batting: RHB León Murciano 0-0: Foul Ball, location: 2F
0-1: Foul Ball, location: 2F
0-2: Ball
1-2: Strikes out swinging
Batting: RHB Pablo Santos 0-0: Foul Ball, location: 2F
0-1: Ball
1-1: Ball
2-1: Called Strike
2-2: Ball
3-2: Strikes out swinging
Top of the 4th over - 0 runs, 0 hits, 0 errors, 0 left on base; Lake Minnetonka 3 - Barton Springs 2
BOTTOM OF THE 4TH
Barton Springs Blues batting - Pitching for Lake Minnetonka Love Boats : RHP Rafael Martínez
Batting: RHB Donald Martin 0-0: Called Strike
0-1: Ground out 5-3 (Groundball, 56, EV 107.5 MPH)
Batting: RHB John Polk 0-0: Called Strike
0-1: Ball
1-1: Ball
2-1: Foul Ball, location: 2F
2-2: Strikes out swinging
Batting: RHB Mike O'Neill 0-0: Ball
1-0: Called Strike
1-1: Swinging Strike
1-2: Fly out, F7 (Flyball, 7LMF, EV 75.0 MPH)
Bottom of the 4th over - 0 runs, 0 hits, 0 errors, 0 left on base; Lake Minnetonka 3 - Barton Springs 2
TOP OF THE 5TH
Lake Minnetonka Love Boats batting - Pitching for Barton Springs Blues : RHP Stanley Davis
Batting: RHB Mark Bakker 0-0: Called Strike
0-1: Called Strike
0-2: Foul Ball, location: 2F
0-2: Fly out, F6 (Flyball, 56D, EV 88.8 MPH)
Batting: LHB Bill Carney 0-0: Ball
1-0: Ball
2-0: Called Strike
2-1: Ball
3-1: Base on Balls
Batting: RHB Eisse van Barneveld 0-0: SINGLE (Flyball, 8RS, EV 93.8 MPH)
Bill Carney to second
Batting: SHB Spencer Maddox 0-0: Called Strike
0-1: Foul Ball, location: 2F
0-2: Hit by Pitch
Bill Carney to third
Eisse van Barneveld to second
Batting: RHB Ding-bong Wang 0-0: Ball
1-0: Ball
2-0: Ball
3-0: Base on Balls
Bill Carney scores
Eisse van Barneveld to third
Spencer Maddox to second
Batting: RHB Nicholas Khadjikyriakos 0-0: Called Strike
0-1: Fly out, F4 (Line Drive, 4, EV 63.1 MPH)
Lined into DP, 4-6 (Line Drive, 4, EV 62.5 MPH)
Top of the 5th over - 1 run, 1 hit, 0 errors, 2 left on base; Lake Minnetonka 4 - Barton Springs 2
BOTTOM OF THE 5TH
Barton Springs Blues batting - Pitching for Lake Minnetonka Love Boats : RHP Rafael Martínez
Batting: RHB Steffen Schulte 0-0: Called Strike
0-1: Ball
1-1: Ball
2-1: Swinging Strike
2-2: Strikes out swinging
Batting: RHB Donnie Haggard 0-0: Fly out, F7 (Line Drive, 7, EV 89.4 MPH)
Batting: SHB Bill Gatacre 0-0: Fly out, F7 (Line Drive, 78M, EV 86.9 MPH)
Bottom of the 5th over - 0 runs, 0 hits, 0 errors, 0 left on base; Lake Minnetonka 4 - Barton Springs 2
TOP OF THE 6TH
Lake Minnetonka Love Boats batting - Pitching for Barton Springs Blues : RHP Stanley Davis
Batting: LHB Francisco Obando 0-0: SOLO HOME RUN (Flyball, 9LD, EV 103.1 MPH), Distance : 353 ft
Pitching: RHP Rafael Santiago
Batting: RHB León Murciano 0-0: Called Strike
0-1: Ball
1-1: Ball
2-1: Foul Ball, location: 2F
2-2: Ball
3-2: Fly out, F9 (Flyball, 9S, EV 93.8 MPH)
Batting: RHB Pablo Santos 0-0: Foul Ball, location: 2F
0-1: Foul Ball, location: 2F
0-2: Ball
1-2: Foul Ball, location: 2F
1-2: Foul Ball, location: 2F
1-2: Foul Ball, location: 2F
1-2: Strikes out swinging, 2-3 out at first.
Batting: RHB Mark Bakker 0-0: Called Strike
0-1: Ball
1-1: Ground out 5-3 (Groundball, 56, EV 83.1 MPH)
Top of the 6th over - 1 run, 1 hit, 0 errors, 0 left on base; Lake Minnetonka 5 - Barton Springs 2
BOTTOM OF THE 6TH
Barton Springs Blues batting - Pitching for Lake Minnetonka Love Boats : RHP Rafael Martínez
Batting: LHB Elijah Scott 0-0: Ball
1-0: Ball
2-0: Called Strike
2-1: Ball
3-1: Ground out U3 (Groundball, 3L, EV 91.2 MPH)
Batting: RHB Jason Portillo 0-0: Foul Ball, location: 2F
0-1: SINGLE (Groundball, 34D, EV 101.9 MPH)
Batting: LHB Ben Chell 0-0: Called Strike
0-1: Ball
1-1: Ball
2-1: SINGLE (Line Drive, 7LS, EV 103.8 MPH)
Jason Portillo to second
Batting: RHB Donald Martin 0-0: Called Strike
0-1: Foul Ball, location: 2F
0-2: Strikes out swinging
Batting: RHB John Polk 0-0: Called Strike
0-1: Swinging Strike
0-2: Ball
1-2: Foul Ball, location: 2F
1-2: Strikes out swinging
Bottom of the 6th over - 0 runs, 2 hits, 0 errors, 2 left on base; Lake Minnetonka 5 - Barton Springs 2
TOP OF THE 7TH
Lake Minnetonka Love Boats batting - Pitching for Barton Springs Blues : RHP Rafael Santiago
Batting: LHB Bill Carney 0-0: Ball
1-0: Fly out, F4 (Popup, 4M, EV 71.9 MPH)
Batting: RHB Eisse van Barneveld 0-0: Called Strike
0-1: Swinging Strike
0-2: Fly out, F9 (Flyball, 89M, EV 89.4 MPH)
Batting: SHB Spencer Maddox 0-0: Swinging Strike
0-1: DOUBLE (Line Drive, 9LM, EV 96.2 MPH)
Batting: RHB Ding-bong Wang 0-0: Swinging Strike
0-1: Called Strike
0-2: Ball
1-2: Ground out 6-3 (Groundball, 6M, EV 91.9 MPH)
Top of the 7th over - 0 runs, 1 hit, 0 errors, 1 left on base; Lake Minnetonka 5 - Barton Springs 2
BOTTOM OF THE 7TH
Barton Springs Blues batting - Pitching for Lake Minnetonka Love Boats : RHP Rafael Martínez
Pitching: RHP Petr Elfimov
Batting: RHB Mike O'Neill 0-0: Called Strike
0-1: Ball
1-1: Swinging Strike
1-2: Ground out 4-3 (Groundball, 4, EV 82.5 MPH)
Batting: RHB Steffen Schulte 0-0: Ball
1-0: SINGLE (Groundball, 56S, EV 76.9 MPH) (infield hit)
Batting: RHB Donnie Haggard 0-0: Swinging Strike
0-1: Ball
1-1: Fly out, F9 (Line Drive, 9, EV 95.6 MPH)
Batting: SHB Bill Gatacre 0-0: Fly out, F8 (Flyball, 8LM, EV 88.8 MPH)
Bottom of the 7th over - 0 runs, 1 hit, 0 errors, 1 left on base; Lake Minnetonka 5 - Barton Springs 2
TOP OF THE 8TH
Lake Minnetonka Love Boats batting - Pitching for Barton Springs Blues : RHP Rafael Santiago
Batting: RHB Nicholas Khadjikyriakos 0-0: Called Strike
0-1: Ball
1-1: Ground out 6-3 (Groundball, 6, EV 86.2 MPH)
Batting: LHB Francisco Obando 0-0: Ball
1-0: Ball
2-0: Called Strike
2-1: Ball
3-1: Fly out, F7 (Flyball, 7, EV 84.4 MPH)
Batting: RHB León Murciano 0-0: SINGLE (Popup, 3D, EV 73.1 MPH)
Batting: RHB Pablo Santos 0-0: Called Strike
0-1: Fly out, F9 (Flyball, 9LM, EV 83.1 MPH)
Top of the 8th over - 0 runs, 1 hit, 0 errors, 1 left on base; Lake Minnetonka 5 - Barton Springs 2
BOTTOM OF THE 8TH
Barton Springs Blues batting - Pitching for Lake Minnetonka Love Boats : RHP Petr Elfimov
Pitching: RHP Thomas Hancock
Batting: LHB Elijah Scott 0-0: Ground out 4-3 (Groundball, 4, EV 81.9 MPH)
Batting: RHB Jason Portillo 0-0: Ball
1-0: Called Strike
1-1: Ball
2-1: Foul Ball, location: 2F
2-2: Ball
3-2: Ground out 5-3 (Groundball, 5, EV 88.8 MPH)
Batting: LHB Ben Chell 0-0: Called Strike
0-1: Called Strike
0-2: Foul Ball, location: 2F
0-2: Ball
1-2: Strikes out swinging
Bottom of the 8th over - 0 runs, 0 hits, 0 errors, 0 left on base; Lake Minnetonka 5 - Barton Springs 2
TOP OF THE 9TH
Lake Minnetonka Love Boats batting - Pitching for Barton Springs Blues : RHP Rafael Santiago
Batting: RHB Mark Bakker 0-0: Called Strike
0-1: SINGLE (Groundball, 4M, EV 101.9 MPH)
Batting: LHB Bill Carney 0-0: Sac Bunt to 23 - play at first, batter safe!
Mark Bakker to second
Batting: RHB Eisse van Barneveld 0-0: Ball
1-0: Foul Ball, location: 2F
1-1: Foul Ball, location: 2F
1-2: Strikes out looking
Batting: SHB Spencer Maddox 0-0: Called Strike
0-1: Called Strike
0-2: Fly out, F9 (Line Drive, 9, EV 102.5 MPH)
Runner from 2nd tags up, SAFE at 3rd with throw by RF
Batting: RHB Ding-bong Wang 0-0: Swinging Strike
0-1: Ball
Bill Carney is caught stealing 2nd base 2-4
Top of the 9th over - 0 runs, 2 hits, 0 errors, 1 left on base; Lake Minnetonka 5 - Barton Springs 2
BOTTOM OF THE 9TH
Barton Springs Blues batting - Pitching for Lake Minnetonka Love Boats : RHP Thomas Hancock
Pitching: RHP Willie Steele
Batting: RHB Donald Martin 0-0: Ball
1-0: Ball
2-0: Called Strike
2-1: Called Strike
2-2: Strikes out looking
Batting: RHB John Polk 0-0: Ball
1-0: Foul Ball, location: 2F
1-1: Foul Ball, location: 2F
1-2: Ball
2-2: Foul Ball, location: 2F
2-2: Ground out 6-3 (Groundball, 56, EV 105.6 MPH)
Batting: RHB Mike O'Neill 0-0: Called Strike
0-1: Ground out 5-3 (Groundball, 56S, EV 84.4 MPH)
Bottom of the 9th over - 0 runs, 0 hits, 0 errors, 0 left on base; Lake Minnetonka 5 - Barton Springs 2
Friday, March 26th, 2021 - OOTP Baseball 20.8 Build 74